 Dungeon Crawl Stone Soup version 0.29.1-15-g9cfb28693d (webtiles) character file.

Game seed: 10264658653453291628

53 Mickster the Chucker (level 3, -1/28 HPs)
             Began as a Demigod Wanderer on Feb 28, 2023.
             Splashed by a jelly's acid (4 damage)
             ... on level 3 of the Dungeon.
             The game lasted 00:18:16 (2055 turns).

Mickster the Chucker (Demigod Wanderer)             Turns: 2055, Time: 00:18:17

Health: -1/28      AC:  7    Str: 18    XL:     3   Next: 41%
Magic:  6/6        EV: 10    Int: 13    God:
Gold:   165        SH:  0    Dex: 13    Spells: 4/4 levels left

rFire   x . .      SeeInvis .   a - +2 dagger
rCold   + . .      Faith    .   (no shield)
rNeg    . . .      Spirit   .   d - +1 ring mail
rPois   .          Reflect  .   (no helmet)
rElec   .          Harm     .   (no cloak)
rCorr   .          Rampage  .   (no gloves)
Will    .....                   l - +0 pair of boots
Stlth   +.........              (no amulet)
HPRegen 0.09/turn               h - ring of ice
MPRegen 0.10/turn               (no ring)

@: no status effects
A: high MP 1, forlorn, divine attributes
a: no special abilities


You were on level 3 of the Dungeon.
You visited 1 branch of the dungeon, and saw 3 of its levels.

You collected 165 gold pieces.

Inventory:

Hand Weapons
 a - a +2 dagger (weapon)
 c - a +0 hand axe
 f - a +0 short sword
 g - a +0 sling
 j - a +0 trident
 m - a +0 rapier
Missiles
 b - 3 curare-tipped darts (quivered)
 i - 10 stones
Armour
 d - a +1 ring mail (worn)
 l - a +0 pair of boots (worn)
Jewellery
 h - a ring of ice (left hand)
Wands
 o - a wand of charming (8)
Scrolls
 n - 2 scrolls of identify
Potions
 e - 2 potions of lignification
 k - 2 potions of heal wounds


   Skills:
 + Level 1.4 Fighting
 + Level 1.1 Short Blades
 + Level 2.7 Axes
 + Level 4.1 Throwing
 + Level 1.4 Armour
 + Level 0.4 Dodging
 + Level 0.1 Stealth
 + Level 1.0 Spellcasting


You had 4 spell levels left.
You didn't know any spells.
Your spell library contained the following spells:

 Spells                   Type           Power      Damage    Failure   Level
 Confusing Touch          Hex            0%         N/A       83%         3
 Yara's Violent Unravell  Hex/Tmut       0%         3d3       100%        5
 Enfeeble                 Hex            0%         N/A       100%        7


Dungeon Overview and Level Annotations

Branches:
Dungeon (3/15)


Innate Abilities, Weirdness & Mutations

You have an increased reservoir of magic. (+10% MP)
You shall have no god before yourself.
Your divine heritage dramatically boosts your attributes as you level up.


Message History

You now have 145 gold pieces (gained 16).
Found a scroll of identify.
A bat comes into view.
You hit the bat.
The bat is moderately wounded.
The bat closely misses you. The bat closely misses you. The bat hits you.
The bat hits you but does no damage. The bat barely misses you.
Found 9 gold pieces.
The bat hits you but does no damage. The bat attacks as you move away!
The bat hits you but does no damage. x2
The bat barely misses you.
You hit the bat but do no damage.
The bat is moderately wounded.
The bat hits you but does no damage.
Found 11 gold pieces.
The bat barely misses you.
You hit the bat.
You kill the bat!
You now have 156 gold pieces (gained 11).
n - 2 scrolls of identify (gained 1)
You now have 165 gold pieces (gained 9).
A jelly comes into view.
The jelly quivers.
The jelly moves out of view.
Found a stone staircase leading up.
The jelly hits you but does no damage.
You completely miss the jelly. The jelly barely misses you.
You hit the jelly.
Your hands burn!
The jelly is moderately wounded.
The jelly closely misses you.
You hit the jelly.
Your hands burn!
* * * LOW HITPOINT WARNING * * *
The jelly is moderately wounded.
The jelly hits you but does no damage.
You hit the jelly.
Your hands burn!
* * * LOW HITPOINT WARNING * * *
The jelly is heavily wounded.
The jelly hits you but does no damage.
You hit the jelly.
Your hands burn!
You die...

......# #..#...#
#.#....######.#.###
....... #........#######
....... #...............
....... #.........######
....... #........##
....<.. #........##### .
.......##..............#
......J@..........####
#####..##.........#
####..............
#..........#####
.....######## ....###
#####


You could see a jelly.

Vanquished Creatures
  An adder (D:2)
  A worm (D:3)
  2 dart slugs
  An orc (D:3)
  4 endoplasms
  2 goblins (D:3)
  6 hobgoblins
  2 quokkas (D:1)
  A ball python (D:1)
  5 bats
  3 frilled lizards (D:1)
  2 kobolds (D:1)
  6 rats
36 creatures vanquished.

Notes
Turn   | Place    | Note
-------+----------+-------------------------------------------
     0 | D:1      | Mickster the Demigod Wanderer began the quest for the Orb.
     0 | D:1      | Mickster set off with the following items: a +2 dagger, 4
                  | curare-tipped darts, a +0 hand axe, a +0 ring mail, a
                  | potion of lignification.
     0 | D:1      | Reached XP level 1. HP: 16/16 MP: 4/4
   604 | D:1      | Reached skill level 4 in Throwing
   632 | D:1      | Reached XP level 2. HP: 9/23 MP: 5/5
  1271 | D:2      | Reached skill level 1 in Short Blades
  1548 | D:2      | Reached XP level 3. HP: 26/28 MP: 6/6
  2055 | D:3      | Splashed by a jelly's acid

Illustrated notes

Levels and vault maps discovered:
D:1:      minmay_arrival_wavy_path, layout_basic,
          dreamdust_ecumenical_altar_angels_and_demons, nicolae_eternal_life
D:2:      layout_loops_corners
D:3:      layout_rooms, tgw_kikubaaqudgha, minmay_rat_hole

Skill      XL: |  1  2 |
---------------+-------+-----
Throwing       | 4 |  4.1
Short Blades   | 1 |  1.1
Fighting       | |  1.4
Axes           | |  2.7
Armour         | |  1.4
Dodging        | |  0.4
Stealth        | |  0.1
Spellcasting   | |  1.0

Action                   || total
-------------------------++-------
Melee: Dagger            ||   149
       Punch             ||     2
Throw: Dart              ||     2
  Use: Scroll            ||     4
       Potion            ||     4
Armor: Ring mail         ||    92
Dodge: Dodged            ||    90
